 Dungeon Crawl Stone Soup version 0.28-a0-653-g7e9dba17c3 (webtiles) character file.

Game seed: 16228433461973429549

3 Gargoyl the Ducker (level 1, 0/10 HPs)
             Began as a Felid Abyssal Knight on Oct 12, 2021.
             Was an Initiate of Lugonu.
             Frozen to death by an endoplasm (3 damage)
             ... on level 1 of the Dungeon.
             The game lasted 00:00:31 (409 turns).

Gargoyl the Ducker (Felid Abyssal Knight)            Turns: 409, Time: 00:00:31

Health: 0/10       AC:  1    Str:  9    XL:     1   Next: 41%
Magic:  3/3        EV: 18    Int: 11    God:    Lugonu [......]
Gold:   0          SH:  0    Dex: 16    Spells: 0/0 levels left
                                        Lives:  0   Deaths: 0

rFire   . . .      SeeInvis +     - Unarmed
rCold   . . .      Faith    .   (shield unavailable)
rNeg    . . .      Spirit   .   (armour unavailable)
rPois   .          Reflect  .   (helmet unavailable)
rElec   .          Harm     .   (cloak unavailable)
rCorr   .          Rampage  .   (gloves unavailable)
Will    .....                   (boots unavailable)
Stlth   +.........              (no amulet)
HPRegen 0.03/turn               (no ring)
MPRegen 0.08/turn               (no ring)

@: quick
A: very small, claws 1, fangs 3, see invisible, speed 1, shaggy fur 1, stealthy
paws, no weapons or thrown items, no armour, multi-lived
a: Renounce Religion


You were on level 1 of the Dungeon.
You worshipped Lugonu.
Lugonu was noncommittal.
You visited 1 branch of the dungeon, and saw 1 of its levels.
You visited the Abyss 1 time.

Inventory:

Potions
 a - a potion of heal wounds {unknown}
 b - a potion of flight {unknown}


   Skills:
 + Level 3.1 Fighting
 + Level 3.2 Dodging
 + Level 2.0 Unarmed Combat
 + Level 1.8 Invocations


You couldn't memorise any spells.
You didn't know any spells.
Your spell library was empty.

Dungeon Overview and Level Annotations

Branches:
Dungeon (1/15)

Altars:


Innate Abilities, Weirdness & Mutations

You have sharp claws.
You have razor-sharp teeth.
You have supernaturally acute eyesight. (SInv)
You cover ground quickly. (Speed+)
You are covered in fur. (AC +1)
Your paws help you pounce on unaware monsters.
You are incapable of wielding weapons or throwing items.
You cannot wear armour.
You gain extra lives every three experience levels.


Message History

Lugonu accepts your kill.
You see here a bat corpse.
HP restored.
Found a stone staircase leading down.
There is a stone staircase leading down here.
You open the door.
An endoplasm and a kobold come into view.
The endoplasm quivers.
The kobold shouts!
Found a tourmaline ring.
There are monsters nearby!
A goblin comes into view. It is wielding a +0 dagger.
There is an open door here.
You closely miss the kobold.
The goblin shouts!
The kobold closely misses you.
You scratch the endoplasm.
The endoplasm is heavily wounded.
The endoplasm completely misses you.
You scratch the endoplasm.
The endoplasm is severely wounded.
The endoplasm closely misses you.
You scratch the endoplasm but do no damage.
The endoplasm is severely wounded.
You scratch the endoplasm but do no damage.
The endoplasm is severely wounded.
The endoplasm freezes you.
You are frozen.
You scratch the endoplasm but do no damage.
You bite the endoplasm.
The endoplasm is almost dead.
The endoplasm jiggles.
The endoplasm freezes you.
You are frozen.
* * * LOW HITPOINT WARNING * * *
You scratch the endoplasm but do no damage.
The endoplasm is almost dead.
The endoplasm freezes you.
You are frozen.
You die...

##.# ##...##
##.....## #+##
##.......## #...#
#.........# #.....
#.........# #....=.
#.........##.......
#.......@JKg......
##.....####.......
##...## #......
##.## #.....
#.##### #...#
#...>.# #+##
#####.# #.######
#.# #.... .# ##.##
##..###.##


You could see an endoplasm, a goblin and a kobold.

Vanquished Creatures
  A hobgoblin (D:1)
  A ball python (D:1)
  A bat (D:1)
  A kobold (D:1)
4 creatures vanquished.

Notes
Turn   | Place    | Note
-------+----------+-------------------------------------------
     0 | Abyss:1  | Gargoyl the Felid Abyssal Knight began the quest for the
                  | Orb.
     0 | Abyss:1  | Reached XP level 1. HP: 10/10 MP: 3/3
    63 | Abyss:1  | Found a corrupted altar of Lugonu.
   181 | Abyss:1  | Found a corrupted altar of Lugonu.
   191 | Abyss:1  | Noticed a large abomination
   194 | D:1      | Escaped the Abyss
   409 | D:1      | Frozen to death by an endoplasm

Illustrated notes

Levels and vault maps discovered:
D:1:      amcnicky_arrival_gap_in_the_tavern_cellar, layout_loops_corners,
          serial_shops, nicolae_lakefront_shop

Action                   || total
-------------------------++-------
Melee: Unarmed           ||    26
       Bite              ||     2
Invok: Depart the Abyss  ||     1
Armor: Skin              ||     4
Dodge: Dodged            ||    26

Table legend: (Time is in decaauts)
 A = Elapsed time spent in this place.
 B = Non-inter-level travel time spent in this place.
 C = Inter-level travel time spent in this place.
 D = Time resting spent in this place.
 E = Time spent auto-exploring this place.
 F = Levels seen in this place.
 G = Mean time per level.
                   A        B        C        D        E       F      G
               +--------+--------+--------+--------+--------+-----+--------+
         Total |    337 |    337 |      0 |      0 |    279 |   2 |  168.5 |
       Dungeon |    182 |    182 |      0 |      0 |    128 |   1 |  182.0 |
         Abyss |    155 |    155 |      0 |      0 |    151 |   1 |  155.0 |
               +--------+--------+--------+--------+--------+-----+--------+

Top non-repeatable levels by time:
     D:1: 182 daAuts
 Abyss:1: 155 daAuts
